 Dungeon Crawl Stone Soup version 0.28-a0-691-gad6df49e81 (webtiles) character file.

Game seed: 10536781762999152669

32666 timneilson the Protected (level 13, -6/80 HPs)
             Began as a Gargoyle Fighter on Oct 20, 2021.
             Was a High Priest of Okawaru.
             Mangled by Rupert (9 damage)
             ... on level 6 of the Lair of Beasts.
             The game lasted 00:33:11 (15828 turns).

timneilson the Protected (Gargoyle Fighter)        Turns: 15828, Time: 00:33:11

Health: -6/80      AC: 36    Str: 34    XL:     13   Next: 66%
Magic:  0/19       EV: 12    Int: 12    God:    Okawaru [*****.]
Gold:   1116       SH: 13    Dex:  9    Spells: 12/12 levels left

rFire   . . .      SeeInvis +   k - +12 long sword of the Lumpy Interlopers {freeze, rPois rC++ SInv}
rCold   + + .      Faith    .   G - +0 kite shield
rNeg    + . .      Spirit   +   g - +0 plate armour
rPois   ∞          Reflect  .   j - +2 helmet {Int+3}
rElec   +          Harm     .   (no cloak)
rCorr   .          Rampage  .   H - +2 pair of gloves {Str+3}
Will    .....                   C - +0 pair of boots
Stlth   ..........              o - amulet of guardian spirit
HPRegen 0.23/turn               i - +4 ring of slaying
MPRegen 0.16/turn               h - +6 ring of strength

@: heroic, finesse-ful, studying 2 skills
A: sickness immunity, AC +9, negative energy resistance 1, electricity
resistance, torment resistance 1, petrification resistance
a: Renounce Religion, Heroism, Finesse, Duel


You were on level 6 of the Lair of Beasts.
You worshipped Okawaru.
Okawaru was extremely pleased with you.
You visited 3 branches of the dungeon, and saw 18 of its levels.
You also visited: Ossuary.

You collected 1116 gold pieces.

Inventory:

Hand Weapons
 c - a +1 scimitar of flaming
 k - the +12 long sword of the Lumpy Interlopers (weapon) {freeze, rPois rC++ SInv}
   (You found it on level 9 of the Dungeon)

   It freezes those it strikes, dealing additional cold damage.
   It can also slow down cold-blooded creatures.
   rC:        It greatly protects you from cold.
   rPois:     It protects you from poison.
   SInv:      It lets you see invisible.
 p - a +0 scimitar
Armour
 g - a +0 plate armour (worn)
 j - a +2 helmet of intelligence (worn)
 C - a +0 pair of boots (worn)
 G - a +0 kite shield (worn)
 H - a +2 pair of gloves of strength (worn)
Jewellery
 d - a ring of positive energy
 f - a ring of resist corrosion
 h - a +6 ring of strength (right hand)
 i - a +4 ring of slaying (left hand)
 o - an amulet of guardian spirit (around neck)
 J - a ring of ice
Wands
 v - a wand of iceblast (19)
 w - a wand of mindburst (9)
 x - a wand of digging (9)
 F - a wand of acid (17)
 L - a wand of polymorph (7)
Scrolls
 e - 4 scrolls of enchant weapon
 l - 4 scrolls of amnesia
 n - 4 scrolls of fear
 q - 2 scrolls of blinking
 t - a scroll of holy word
 y - 8 scrolls of teleportation
 E - 4 scrolls of identify
Potions
 a - 2 potions of might
 b - a potion of resistance
 m - a potion of magic
 r - 2 potions of cancellation
 s - 3 potions of mutation
 u - a potion of brilliance
 A - 3 potions of attraction
 B - 2 potions of flight
 D - a potion of invisibility
 I - a potion of haste


   Skills:
 + Level 9.1(14.1) Fighting
 * Level 10.2(15.2) Long Blades
 * Level 12.3(17.3) Armour
 + Level 6.2(11.2) Dodging
 * Level 12.2(17.2) Shields
 + Level 9.0 Invocations
 + Level 5.6 Evocations


You had 12 spell levels left.
You didn't know any spells.
Your spell library contained the following spells:

 Spells                   Type           Power      Damage    Failure   Level
 Pain                     Necr           0%         1d4       78%         1
 Ensorcelled Hibernation  Hex/Ice        0%         N/A       89%         2
 Passwall                 Tmut/Erth      0%         N/A       89%         2
 Slow                     Hex            0%         N/A       89%         2
 Static Discharge         Conj/Air       0%         N/A       89%         2
 Confusing Touch          Hex            0%         N/A       98%         3
 Gell's Gravitas          Tloc           0%         N/A       98%         3
 Spider Form              Tmut/Pois      0%         N/A       98%         3
 Swiftness                Air            0%         N/A       98%         3
 Teleport Other           Tloc           0%         N/A       98%         3
 Vampiric Draining        Necr           0%         2d6       98%         3
 Dispel Undead            Necr           0%         3d6       100%        4
 Passage of Golubria      Tloc           0%         N/A       100%        4
 Sticky Flame             Conj/Fire      0%         2d3       100%        4
 Agony                    Necr           0%         N/A       100%        5
 Excruciating Wounds      Necr           0%         N/A       100%        5
 Silence                  Hex/Air        0%         N/A       100%        5
 Dispersal                Tloc           0%         N/A       100%        6
 Invisibility             Hex            0%         N/A       100%        6
 Lehudib's Crystal Spear  Conj/Erth      0%         10d2      100%        8
 Animate Skeleton         Necr           Unusable   N/A       N/A         1

Dungeon Overview and Level Annotations

Branches:
Dungeon (12/15)            Temple (1/1) D:7            Lair (4/6) D:9
 Shoals (0/4) Lair:3        Snake (0/4) Lair:2          Orc (0/2) D:9
Ossuary (visited)

Altars:
Ashenzari
Cheibriados
Dithmenos
Elyvilon
Fedhas
Gozag
Hepliaklqana
Kikubaaqudgha
Makhleb
Nemelex Xobeh
Okawaru
Qazlal
Ru
Sif Muna
Uskayaw
Vehumet
Xom
Yredelemnul
Zin
The Shining One

Shops:
D:11 *

Annotations:
D:9 exclusion: obsidian statue
Lair:6 Rupert


Innate Abilities, Weirdness & Mutations

You are immune to sickness and miasma.
Your stone body is resilient. (AC +9)
You are immune to poison.
You resist negative energy. (rN+)
You are resistant to electric shocks. (rElec)
You are resistant to unholy torment.
You are immune to petrification.


Message History

Rupert is heavily wounded.
Rupert yells loudly at you.
You suddenly lose the ability to move!
Rupert barely misses you. Rupert hits you but does no damage.
Rupert roars madly and goes into a rage!
Rupert goes berserk!
Rupert hits you with a +0 battleaxe of flaming.
Rupert burns you.
Rupert hits you with a +0 battleaxe of flaming!!
Rupert burns you.
A komodo dragon comes into view.
Rupert hits you with a +0 battleaxe of flaming!!
Rupert burns you!
The komodo dragon hisses angrily.
Rupert hits you with a +0 battleaxe of flaming.
Rupert burns you.
You can move again.
You slash Rupert! You freeze Rupert!
Rupert is severely wounded.
Rupert barely misses you.
You slice Rupert!! You freeze Rupert!
Rupert is severely wounded.
Unknown command.
You slash Rupert! You freeze Rupert.
Rupert is almost dead.
You block Rupert's attack.
You barely miss Rupert.
Rupert is almost dead.
You closely miss Rupert.
Rupert is almost dead.
You block Rupert's attack.
You barely miss Rupert.
Rupert is almost dead.
You slash Rupert! You freeze Rupert.
Rupert is almost dead.
Rupert hits you with a +0 battleaxe of flaming!!
* * * LOW HITPOINT WARNING * * *
Rupert burns you!
You die...

.....###P.# ..
......#P..#..
#........#.
#.....P.. #
#....P.# .
...##.....# ...
..........#.....
P.....@@...#
.P..............
.....#....P##...
..#. #.....# .
... l....P.. P.
........#. P
........P. #
...#.#......


You could see Rupert (berserk) and a komodo dragon.

Vanquished Creatures
  Azrael (D:12)
  Snorg (Lair:3)
  Harold (D:7)
  Fannar (Lair:3)
  A boulder beetle (D:12)
  Erolcha (D:11)
  5 hydras
  A two-headed ogre (D:11)
  3 death yaks (D:9)
  An ugly thing (D:11)
  A manticore (D:11)
  A cyclops (D:12)
  Maurice (D:10)
  2 black mambas (Lair:4)
  10 cane toads
  2 unseen horrors
  A rime drake (Lair:3)
  2 komodo dragons (Lair:2)
  2 polar bears
  A hornet (D:10)
  A troll (D:8)
  10 blink frogs (Lair:2)
  A snapping turtle (Lair:3)
  2 shadows
  A meliai zombie (D:10)
  A vampire (D:9)
  2 wyverns
  Sigmund (D:3)
  4 fire elementals (D:12)
  2 basilisks
  7 yaks
  3 vampire mosquitoes (D:9)
  A warg (D:9)
  4 hell hounds (D:12)
  9 water moccasins
  An acid dragon (D:10)
  12 orc warriors
  7 necrophages
  2 sky beasts
  4 black bears
  7 centaurs
  2 ogres
  34 wolves
  3 phantoms
  11 bullfrogs
  An elf zombie (Ossuary)
  A wyvern zombie (D:8)
  2 scorpions (D:4)
  A water moccasin zombie (D:7)
  A water moccasin skeleton (D:6)
  8 wights
  3 killer bees (D:9)
  4 vampire bats (Lair:1)
  2 electric eels (D:8)
  5 centaur zombies
  3 centaur skeletons
  2 hounds
  A human zombie (Ossuary)
  2 jellies
  5 orc priests
  A bullfrog skeleton (D:6)
  6 iguanas
  14 orc wizards
  A hell rat (D:9)
  3 killer bee zombies
  2 mummies (Ossuary)
  Robin (D:3)
  6 adders
  A river rat (D:9)
  A white imp (D:6)
  2 ufetubi
  An adder zombie (D:5)
  2 worms (D:2)
  3 dart slugs
  31 orcs
  8 ball pythons
  9 bats
  13 endoplasms
  A giant cockroach (D:4)
  11 goblins
  11 hobgoblins
  6 jackals
  4 quokkas
  A frilled lizard (D:2)
  2 gnoll zombies (Ossuary)
  3 goblin zombies (Ossuary)
  3 hobgoblin zombies (Ossuary)
  6 kobolds
  3 orc zombies (Ossuary)
  6 rats
374 creatures vanquished.

Vanquished Creatures (others)
  A shadow (D:10)
  3 bushes (D:8)
  8 fungi
  36 plants
48 creatures vanquished.

Grand Total: 422 creatures vanquished

Notes
Turn   | Place    | Note
-------+----------+-------------------------------------------
     0 | D:1      | timneilson the Gargoyle Fighter began the quest for the
                  | Orb.
     0 | D:1      | Reached XP level 1. HP: 14/14 MP: 1/1
   157 | D:1      | Reached XP level 2. HP: 15/19 MP: 2/2
   758 | D:1      | Found a faded altar of an unknown god.
   816 | D:1      | Reached XP level 3. HP: 23/23 MP: 3/3
   920 | D:2      | Reached XP level 4. HP: 25/28 MP: 4/4
  1465 | D:2      | Reached skill level 1 in Dodging
  1872 | D:3      | Noticed Sigmund
  1881 | D:3      | Killed Sigmund
  1882 | D:3      | Reached XP level 5. HP: 32/33 MP: 5/5
  1882 | D:3      | Reached XP level 6. HP: 36/38 MP: 6/6
  1925 | D:3      | Found a glowing silver altar of Zin.
  1925 | D:3      | Found a broken altar of Ashenzari.
  1925 | D:3      | Found a hide-covered altar of Uskayaw.
  2029 | D:3      | Noticed Robin
  2048 | D:3      | Killed Robin
  2917 | D:4      | Noticed a necrophage
  2926 | D:4      | Killed a necrophage
  2927 | D:4      | Reached skill level 5 in Armour
  2935 | D:4      | Found a basalt altar of Yredelemnul.
  2992 | D:4      | Reached skill level 5 in Shields
  2992 | D:4      | Reached XP level 7. HP: 43/43 MP: 7/7
  3108 | D:4      | Noticed a two-headed ogre
  3376 | D:4      | Reached XP level 8. HP: 45/48 MP: 8/8
  3671 | D:5      | Entered Level 5 of the Dungeon
  4394 | D:5      | Reached skill level 5 in Fighting
  4693 | D:5      | Reached skill level 5 in Long Blades
  5123 | D:6      | Reached XP level 9. HP: 51/54 MP: 9/9
  5320 | D:6      | Found a stormy altar of Qazlal.
  5712 | D:7      | Noticed Harold
  5830 | D:7      | Found an opulent altar of Gozag.
  5902 | D:7      | Found a sparkling altar of Nemelex Xobeh.
  6266 | D:7      | Reached skill level 1 in Evocations
  6414 | D:7      | Found a staircase to the Ecumenical Temple.
  6512 | D:7      | Killed Harold
  6513 | D:7      | Reached XP level 10. HP: 49/60 MP: 10/10
  6835 | D:7      | Identified a scroll of acquirement
  6835 | D:7      | Acquired a manual of Invocations
  6891 | Temple   | Entered the Ecumenical Temple
  6904 | Temple   | Became a worshipper of Warmaster Okawaru
  6983 | D:8      | Found a sand-covered staircase.
  6990 | Ossuary  | Entered an ossuary
  7446 | D:8      | Reached skill level 1 in Invocations
  7627 | D:8      | Found a blossoming altar of Fedhas.
  7662 | D:8      | Reached * piety under Okawaru
  8283 | D:8      | Noticed a death knight
  8821 | D:9      | Noticed a death yak
  8822 | D:9      | Found a staircase to the Lair.
  8823 | D:9      | Noticed a death yak
  8824 | D:9      | Noticed a death yak
  8862 | D:9      | Killed a death yak
  8862 | D:9      | Reached ** piety under Okawaru
  8874 | D:9      | Killed a death yak
  8875 | D:9      | Reached XP level 11. HP: 28/67 MP: 5/14
  8900 | D:9      | Killed a death yak
  8900 | D:9      | Reached *** piety under Okawaru
  9209 | D:9      | Noticed an obsidian statue
  9535 | D:9      | Found a staircase to the Orcish Mines.
  9582 | D:9      | Identified the +12 long sword of the Lumpy Interlopers
                  | {freeze, rPois rC++ SInv}
 10074 | D:10     | Entered Level 10 of the Dungeon
 10077 | D:10     | Received a gift from Okawaru
 10078 | D:10     | Reached skill level 10 in Armour
 10078 | D:10     | Reached skill level 5 in Invocations
 10224 | D:10     | Reached skill level 10 in Shields
 10306 | D:10     | Found a shimmering altar of Xom.
 10344 | D:10     | Reached **** piety under Okawaru
 10426 | D:10     | Identified the +1 morningstar of Uncertain Death {protect,
                  | rF+ Will+}
 10465 | D:10     | Noticed Maurice
 10470 | D:10     | Killed Maurice
 11018 | D:11     | Noticed a manticore
 11028 | D:11     | Killed a manticore
 11029 | D:11     | Reached skill level 5 in Dodging
 11212 | D:11     | Found Paudgh's Assorted Antiques.
 11361 | D:11     | Noticed an eight-headed hydra
 11365 | D:11     | Killed an eight-headed hydra
 11365 | D:11     | Reached ***** piety under Okawaru
 11366 | D:11     | Reached XP level 12. HP: 73/73 MP: 16/16
 11541 | D:11     | Noticed Erolcha
 11547 | D:11     | Killed Erolcha
 11547 | D:11     | Received a gift from Okawaru
 11566 | D:11     | Noticed a two-headed ogre
 11572 | D:11     | Killed a two-headed ogre
 11886 | D:12     | Noticed Azrael
 11906 | D:12     | Killed Azrael
 11935 | D:12     | Noticed a boulder beetle
 11943 | D:12     | Killed a boulder beetle
 12024 | Lair:1   | Entered Level 1 of the Lair of Beasts
 12201 | Lair:1   | Noticed a six-headed hydra
 12208 | Lair:1   | Killed a one-headed hydra
 12683 | Lair:1   | You fall into a shaft and drop 1 floor!
 12921 | Lair:2   | Noticed a five-headed hydra
 12934 | Lair:2   | Killed a one-headed hydra
 13323 | Lair:2   | Reached skill level 5 in Evocations
 13372 | Lair:2   | Found a staircase to the Snake Pit.
 13380 | Lair:2   | Reached XP level 13. HP: 50/79 MP: 14/18
 13742 | Lair:2   | Received a gift from Okawaru
 14347 | Lair:3   | Noticed Fannar
 14362 | Lair:3   | Killed Fannar
 14467 | Lair:3   | Noticed Snorg
 14476 | Lair:3   | Killed Snorg
 14931 | Lair:3   | Found a staircase to the Shoals.
 15135 | Lair:4   | Reached skill level 10 in Long Blades
 15809 | Lair:4   | You fall into a shaft and drop 2 floors!
 15809 | Lair:6   | Entered Level 6 of the Lair of Beasts
 15809 | Lair:6   | Noticed Rupert
 15815 | Lair:6   | Paralysed by Rupert for 6 turns
 15828 | Lair:6   | HP: 3/80 [Rupert (25)]
 15828 | Lair:6   | Mangled by Rupert

Illustrated notes

Levels and vault maps discovered:
D:1:      lemuel_arrival_lava_pool, layout_rooms,
          shapermc_ecumenical_altar_ellora, grunt_decor_one_mirror,
          amcnicky_mini_corridor_feature, serial_park_tiny_1,
          grunt_decor_mini_mirrors
D:2:      layout_basic, corexii_item_surrounded_by_moat, minmay_between
D:3:      layout_basic, gammafunk_temple_overflow_claw, uniq_sigmund, uniq_robin
D:4:      layout_loops_corners, marbit_many_paths, glass_columns_c,
          kennysheep_generic_room_13
D:5:      layout_basic
D:6:      layout_cave_pools, nicolae_qazlal_scattered_showers
D:7:      layout_gridville, mainiacjoe_overflow_concentric_impassable,
          overflow_temple_1_default, minmay_temple_entry_junction, st_stairs_14,
          uniq_harold
D:8:      layout_basic, fedhas_altar_decomposition, serial_bayou,
          serial_bayou_pond_b, serial_bayou_pond_a, serial_bayou_pond_d,
          serial_bayou_pond_d, serial_bayou_crossing,
          chequers_ossuary_entry_cave, grunt_decor_cap, kennysheep_just_a_vault
D:9:      layout_irregular_city, dpeg_lair_monsters, david_orc_1_choice,
          minivault_15
D:10:     minmay_general_purpose_star, layout_loops_ring,
          mainiacjoe_overflow_chevrons, uniq_maurice
D:11:     layout_stronghold, serial_shops, nicolae_shop_overgrown_old_shop,
          uniq_erolcha
D:12:     orc_temple, layout_gridville, enter_bailey_2, uniq_jorgrun,
          uniq_azrael
Temple:   cyrus_circular_temple
Lair:1:   layout_cave_pods, serial_forest, infiniplex_forest_straight_1,
          infiniplex_forest_clump_long, infiniplex_forest_clump_small,
          infiniplex_forest_clump_long, infiniplex_forest_straight_3,
          infiniplex_forest_pool, roderic_batcave
Lair:2:   layout_long_grid, dummy_snake_entry, beast_lair_carwin_9,
          infiniplex_staircase_pool, serial_bayou_shore_b, grunt_megastairs_5
Lair:3:   layout_long_grid, minmay_shoals_entry_hut, grunt_megastairs_1,
          lemuel_fruit_tree, uniq_snorg, uniq_fannar
Lair:4:   layout_gridlike, grunt_forest_large_clearings
Lair:6:   evil_forest, layout_layer_cave, minivault_25, grunt_megastairs_4,
          lemuel_fruit_fields, uniq_rupert

Skill      XL: |  1  2  3  4  5  6  7  8  9 10 11 12 13 |
---------------+----------------------------------------+-----
Long Blades    | 2 3 4 5 6 7 8 9 10 | 10.2
Armour         | 4 5 7 8 9 10 11 12 | 12.3
Shields        | 4 5 6 8 9 10 11 12 | 12.2
Dodging        | 1 2 3 4 5 6 |  6.2
Fighting       | 4 5 6 7 8 9 |  9.1
Evocations     | 1 3 4 5 |  5.6
Invocations    | 4 6 7 9 |  9.0

Action                   |  1- 3 |  4- 6 |  7- 9 | 10-12 | 13-15 || total
-------------------------+-------+-------+-------+-------+-------++-------
Melee: Long sword        |    70 |   138 |   149 |   235 |   171 ||   763
       Scimitar          |       |       |   255 |   342 |    24 ||   621
Invok: Heroism           |       |       |       |     7 |     1 ||     8
       Finesse           |       |       |       |     1 |     1 ||     2
Evoke: Wand              |       |       |       |     4 |       ||     4
  Use: Scroll            |     3 |     7 |     5 |    10 |     2 ||    27
       Potion            |       |     2 |     1 |     8 |       ||    11
Armor: Scale mail        |    36 |    77 |    34 |       |       ||   147
       Chain mail        |       |       |   271 |    96 |       ||   367
       Plate armour      |       |       |       |   259 |   159 ||   418
Dodge: Dodged            |    32 |    73 |   201 |   234 |    86 ||   626
Block: Buckler           |    20 |    44 |   146 |   136 |       ||   346
       Kite shield       |       |       |       |    94 |   138 ||   232

Table legend: (Time is in decaauts)
 A = Elapsed time spent in this place.
 B = Non-inter-level travel time spent in this place.
 C = Inter-level travel time spent in this place.
 D = Time resting spent in this place.
 E = Time spent auto-exploring this place.
 F = Levels seen in this place.
 G = Mean time per level.
                   A        B        C        D        E       F      G
               +--------+--------+--------+--------+--------+-----+--------+
         Total |  15925 |  15398 |    527 |    884 |  10444 |  19 |  838.2 |
       Dungeon |  11974 |  11494 |    480 |    730 |   7421 |  12 |  997.8 |
        Temple |     26 |     14 |     12 |      0 |      0 |   1 |   26.0 |
          Lair |   3796 |   3761 |     35 |    154 |   2968 |   5 |  759.2 |
       Ossuary |    127 |    127 |      0 |      0 |     55 |   1 |  127.0 |
               +--------+--------+--------+--------+--------+-----+--------+

Top non-repeatable levels by time:
     D:8: 1607 daAuts
     D:5: 1321 daAuts
     D:9: 1308 daAuts
     D:7: 1280 daAuts
  Lair:2: 1191 daAuts
  Lair:1: 1034 daAuts
     D:2: 1021 daAuts
     D:3: 1010 daAuts
    D:10: 925 daAuts
    D:11: 909 daAuts
     D:1: 899 daAuts
  Lair:3: 871 daAuts
     D:6: 828 daAuts
     D:4: 810 daAuts
  Lair:4: 687 daAuts
